 Dungeon Crawl Stone Soup version 0.31-a0-361-g0f8bd3a31e (webtiles) character file.

Game seed: 16255676491630540684

200 Ajdolov the Sneak (level 5, -1/22 HPs)
             Began as a Felid Shapeshifter on July 27, 2023.
             Succumbed to a scorpion's poison
             ... on level 6 of the Dungeon.
             The game lasted 00:10:01 (4671 turns).

Ajdolov the Sneak (Felid Shapeshifter)              Turns: 4671, Time: 00:10:02

Health: -1/22      AC:  2    Str: 13    XL:     5   Next: 49%
Magic:  6/6        EV: 17    Int: 10    God:
Gold:   237        SH:  0    Dex: 16    Spells: 4/4 levels left
                                        Lives:  0   Deaths: 2

rFire   + .          .
                       - Unarmed
rCold   . . .        (shield unavailable)
rNeg    . . .        (body armour unavailable)
rPois   .            (helmet unavailable)
rElec   .            (cloak unavailable)
rCorr   .            (gloves unavailable)
SInv    +            (boots unavailable)
Will    .....        (no amulet)
Stlth   ++++         r - ring of protection from fire
HPRegen 0.23/turn    (no ring)
MPRegen 0.10/turn

%: no passive effects
@: lethally poisoned (-1 -> -14), beast-form, attractive, quick
A: beast (slay +3), very small, claws 1, fangs 3, see invisible, speed 1, shaggy
fur 2, stealthy paws, no weapons or thrown items, no armour, multi-lived
a: Begin Untransformation


You were on level 6 of the Dungeon.
You were a hulking beast.
You visited 1 branch of the dungeon, and saw 6 of its levels.

You collected 237 gold pieces.

Inventory:

Jewellery
 r - a ring of protection from fire (left paw)
Talismans
 b - a beast talisman
 k - a serpent talisman
Wands
 a - a wand of charming (7)
 p - a wand of mindburst (18)
Scrolls
 d - 4 scrolls of teleportation {unknown}
 e - 4 scrolls of enchant weapon {unknown}
 f - 5 scrolls of identify {unknown}
 g - 3 scrolls of brand weapon {unknown}
 l - a scroll of amnesia {unknown}
 m - a scroll of revelation {unknown}
 n - a scroll of fear {unknown}
Potions
 c - 2 potions of attraction
 h - a potion of might {unknown}
 i - 2 potions of curing {unknown}
 j - 2 potions of heal wounds {unknown}
 o - a potion of haste {unknown}
 q - a potion of ambrosia {unknown}


   Skills:
 - Level 1.0 Fighting
 - Level 2.6 Dodging
 - Level 7.8 Stealth
 + Level 4.2 Unarmed Combat
 * Level 5.5 Shapeshifting


You had 4 spell levels left.
You didn't know any spells.
Your spell library contained the following spells:

 Spells                   Type           Power      Damage    Failure   Level
 Apportation              Tloc           0%         N/A       36%         1
 Lesser Beckoning         Tloc           0%         N/A       50%         2
 Poisonous Vapours        Pois/Air       0%         N/A       50%         2
 Static Discharge         Conj/Air       0%         2-2/arc   50%         2
 Gell's Gravitas          Tloc           0%         N/A       75%         3
 Hailstorm                Conj/Ice       0%         3d3       75%         3
 Mephitic Cloud           Conj/Pois/Air  0%         N/A       75%         3
 Teleport Other           Tloc           0%         N/A       75%         3
 Vhi's Electric Charge    Tloc/Air       0%         N/A       75%         3
 Airstrike                Air            0%         2d(0-16)  98%         4
 Summon Ice Beast         Ice/Summ       0%         N/A       98%         4
 Summon Lightning Spire   Summ/Air       0%         N/A       98%         4
 Alistair's Intoxication  Tmut/Pois      0%         N/A       100%        5
 Arcjolt                  Conj/Air       0%         1d10      100%        5
 Freezing Cloud           Conj/Ice/Air   0%         6-21      100%        5
 Simulacrum               Ice/Necr       0%         N/A       100%        6
 Maxwell's Capacitive Co  Air            0%         ∞         100%        8


Dungeon Overview and Level Annotations

Branches:
Dungeon (6/15)
 Temple: D:4-7

Altars:
Okawaru
Uskayaw
The Shining One

Annotations:
D:4 exclusions: ogre, 3 orcs, orc warrior, orc wizard, 3 yaks and 4 more exclusions
D:5 1 runed translucent door, exclusions: 3 orcs, orc priest and 2 more exclusions, Crazy Yiuf
D:6 exclusion: steam dragon


Innate Abilities, Weirdness & Mutations

You are a hulking beast.
Your limbs bulge with bestial killing power. (Slay +3)
You have sharp claws.
You have razor-sharp teeth.
You have supernaturally acute eyesight. (SInv)
You cover ground quickly. (Speed+)
You are covered in thick fur. (AC +2)
Your paws help you pounce on unaware monsters.
You are incapable of wielding weapons or throwing items.
You cannot wear armour.
You gain extra lives every three experience levels.


Message History

Your shape twists and changes as you die.
You are now level 5!
You rejoin the land of the living...
There is an open door here.
There is an open door here.
There is an open door here.
A scorpion comes into view.
You scratch the scorpion.
The scorpion is moderately wounded.
The scorpion closely misses you. The scorpion stings you.
You are poisoned.
The scorpion poisons you!
You scratch the scorpion. Your claw misses the scorpion.
The scorpion is heavily wounded.
You feel sick. The scorpion closely misses you.
You scratch the scorpion but do no damage.
The scorpion is heavily wounded.
You feel sick. The scorpion closely misses you.
You barely miss the scorpion.
The scorpion is heavily wounded.
You feel sick. The scorpion closely misses you.
You scratch the scorpion but do no damage.
The scorpion is heavily wounded.
You feel sick. The scorpion barely misses you.
Okay, then.
You scratch the scorpion.
You bite the scorpion, but do no damage.
The scorpion is severely wounded.
You feel sick. The scorpion stings you.
* * * LOW HITPOINT WARNING * * *
You are lethally poisoned!
The scorpion poisons you!
You barely miss the scorpion.
The scorpion is severely wounded.
* * * LOW HITPOINT WARNING * * *
You feel very sick. The scorpion misses you.
It was a potion of attraction.
You feel attractive to monsters.
You die...

#.......##......#.#
#...............#.#
############...##.#
#######......'.......
###.....#.######.......
#.........# #......[
#.........# ##......
#########.........# #......
#......##.....h...# ######.
#......##.....s...# #.
.#......##..!......# #.
..................!# #.
~~.~~~~...........## ##
≈~.≈≈≈~.###...##############
#. ≈~.~~≈~.#
###.#...#........# #.
~~.~≈≈≈.# #..^#†..J†.....#
#. )..≈~~~.#
#######........# #.


You could see a scorpion.

Vanquished Creatures
  An ogre (D:5)
  A bullfrog (D:6)
  A scorpion (D:4)
  2 hounds (D:6)
  A jelly (D:4)
  A gnoll bouda (D:3)
  2 iguanas (D:5)
  A sleepcap (D:4)
  3 orc wizards
  3 gnolls
  6 adders
  A worm (D:5)
  4 dart slugs
  8 orcs
  10 endoplasms
  6 giant cockroaches
  5 goblins
  6 hobgoblins
  7 jackals
  10 kobolds
  8 ball pythons
  11 bats
  4 frilled lizards (D:1)
  6 rats
108 creatures vanquished.

Notes
Turn   | Place    | Note
-------+----------+-------------------------------------------
     0 | D:1      | Ajdolov the Felid Shapeshifter began the quest for the Orb.
     0 | D:1      | Reached XP level 1. HP: 9/9 MP: 2/2
    29 | D:1      | Reached skill level 1 in Stealth
    66 | D:1      | Reached skill level 2 in Stealth
    90 | D:1      | Reached XP level 2. HP: 9/12 MP: 3/3
   135 | D:1      | Reached skill level 3 in Stealth
   388 | D:1      | Reached skill level 4 in Stealth
   425 | D:1      | Reached XP level 3. HP: 15/15 MP: 4/4
   807 | D:1      | Found a faded altar of an unknown god.
   892 | D:2      | Reached skill level 5 in Stealth
   977 | D:2      | Reached XP level 4. HP: 19/19 MP: 5/5
  1725 | D:2      | Reached skill level 6 in Stealth
  1877 | D:3      | Reached XP level 5. HP: 19/22 MP: 6/6
  2053 | D:3      | Found a glowing golden altar of the Shining One.
  2384 | D:4      | Found an iron altar of Okawaru.
  2432 | D:4      | Reached skill level 7 in Stealth
  2495 | D:4      | Noticed a yak
  2495 | D:4      | Noticed a yak
  2503 | D:4      | Noticed an ogre
  2709 | D:4      | Gained mutation: You are covered in thick fur. (AC +2)
                  | [Felid growth]
  2709 | D:4      | Reached XP level 6. HP: 25/25 MP: 7/7
  2762 | D:4      | Noticed an orc warrior
  2942 | D:4      | Noticed a yak
  3240 | D:5      | Entered Level 5 of the Dungeon
  3628 | D:5      | Reached skill level 5 in Shapeshifting
  3719 | D:5      | Found a runed translucent door.
  3720 | D:5      | Noticed Crazy Yiuf
  4100 | D:6      | Noticed a steam dragon
  4142 | D:6      | Reached XP level 7. HP: 28/28 MP: 8/8
  4242 | D:6      | Killed from afar by an orc wizard
  4243 | D:6      | Reached XP level 6. HP: -3/25 MP: 7/7
  4494 | D:6      | Found a hide-covered altar of Uskayaw.
  4595 | D:6      | Splashed by a jelly's acid
  4596 | D:6      | Reached XP level 5. HP: -8/22 MP: 6/6
  4671 | D:6      | Succumbed to a scorpion's poison

Illustrated notes

Levels and vault maps discovered:
D:1:      dpeg_arrival_rooms_c, layout_basic, basic_ecumenical_altar
D:2:      layout_basic, serial_rivers, chequers_serial_rivers_room_a,
          chequers_serial_rivers_micro_c, chequers_serial_rivers_small_3,
          chequers_serial_rivers_micro_c, chequers_serial_rivers_small_b,
          hangedman_decor_opposing
D:3:      layout_rooms, tso_oasis_becter, nicolae_grassy_gnolls
D:4:      layout_loops_ring, mainiacjoe_overflow_small_starburst,
          guppyfry_early_orc_mine
D:5:      layout_rooms, uniq_crazy_yiuf_cottage
D:6:      minmay_evil_eye, layout_basic,
          mainiacjoe_overflow_concentric_impassable, minmay_fountain_box,
          minivault_14, nrook_mini_vaults, minmay_strange_pillars,
          uniq_eustachio, uniq_pikel, uniq_menkaure

Skill      XL: |  1  2  3  4  5  6 |
---------------+-------------------+-----
Stealth        | 2 4 5 6 7 |  7.8
Shapeshifting  | 4 5 |  5.5
Unarmed Combat | 4 |  4.2
Fighting       | |  1.0
Dodging        | |  2.6

Action                     |  1- 3 |  4- 6 |  7- 9 || total
---------------------------+-------+-------+-------++-------
  Melee: Unarmed           |    87 |   133 |    11 ||   231
         Bite              |     9 |    11 |       ||    20
         Punch             |     1 |     2 |     1 ||     4
    Use: Potion            |       |     2 |       ||     2
   Stab: Sleeping          |     7 |    24 |       ||    31
         Distracted        |       |     1 |       ||     1
 Armour: Skin              |     8 |     5 |       ||    13
  Dodge: Dodged            |    74 |    71 |    12 ||   157

Table legend: (Time is in decaauts)
 A = Elapsed time spent in this place.
 B = Non-inter-level travel time spent in this place.
 C = Inter-level travel time spent in this place.
 D = Time resting spent in this place.
 E = Time spent auto-exploring this place.
 F = Levels seen in this place.
 G = Mean time per level.
                   A        B        C        D        E       F      G
               +--------+--------+--------+--------+--------+-----+--------+
         Total |   3917 |   3774 |    143 |    423 |   2577 |   6 |  652.8 |
       Dungeon |   3917 |   3774 |    143 |    423 |   2577 |   6 |  652.8 |
               +--------+--------+--------+--------+--------+-----+--------+

Top non-repeatable levels by time:
     D:4: 817 daAuts
     D:1: 720 daAuts
     D:2: 678 daAuts
     D:3: 593 daAuts
     D:5: 564 daAuts
     D:6: 543 daAuts
